 Dungeon Crawl Stone Soup version 0.23.2-1-ga50397a (webtiles) character file.

Game seed: 1017838642448399608

607 Kairos the Covert (level 7, -6/45 HPs)
             Began as an Octopode Assassin on Apr 25, 2019.
             Was a Believer of Uskayaw.
             Shot with an arrow by a centaur (13 damage)
             ... on level 5 of the Dungeon.
             The game lasted 00:10:28 (3873 turns).

Kairos the Covert (Octopode Assassin)               Turns: 3873, Time: 00:10:29

Health: -6/45      AC:  1    Str: 11    XL:     7   Next: 43%
Magic:  7/7        EV: 11    Int: 14    God:    Uskayaw [**....]
Gold:   189        SH:  7    Dex: 14    Spells: 6/6 levels left

rFire    + . .     SeeInvis .   a - +2 dagger
rCold    . . .     Gourm    .   u - +0 shield
rNeg     . . .     Faith    .   (helmet restricted)
rPois    .         Spirit   .   p - amulet of regeneration
rElec    .         Reflect  .   t - ring of protection from fire
rCorr    .         Harm     .   (no ring)
MR       .....                  (no ring)
Stlth    +++++.....             (no ring)
HPRegen  0.55/turn              (no ring)
MPRegen  0.10/turn              (no ring)
                                (no ring)
                                (no ring)

@: no status effects
A: almost no armour, stealthy swim, amphibious, 8 rings, constrict 8, camouflage
1, gelatinous body 1
a: Stomp, Line Pass, Renounce Religion


You were on level 5 of the Dungeon.
You worshipped Uskayaw.
Uskayaw was noncommittal.
You were not hungry.

You visited 2 branches of the dungeon, and saw 6 of its levels.

You collected 189 gold pieces.

Inventory:

Hand Weapons
 a - a +2 dagger (weapon)
 b - a +0 blowgun
 r - a +0 dagger of venom
Missiles
 c - 2 curare-tipped needles
 d - 36 poisoned needles
 y - a throwing net (quivered)
Armour
 u - a +0 shield (worn)
Jewellery
 p - an amulet of regeneration (around mantle)
 t - a ring of protection from fire (left tentacle)
 B - an uncursed amulet of the acrobat
Scrolls
 i - a scroll of enchant weapon {unknown}
 j - a scroll of teleportation {unknown}
 k - 2 scrolls of remove curse
 m - 2 scrolls of blinking {unknown}
 w - 2 scrolls of fear {unknown}
 x - a scroll of magic mapping {unknown}
 z - 2 scrolls of fog {unknown}
 C - a scroll of amnesia {unknown}
Potions
 e - a potion of invisibility {unknown}
 g - a potion of heal wounds {unknown}
 h - 2 potions of haste
 l - a potion of cancellation {unknown}
 n - 3 potions of curing
 o - 2 potions of lignification
 q - 2 potions of agility {unknown}
 v - a potion of mutation {unknown}
 A - a potion of magic
Comestibles
 f - 10 rations


   Skills:
 + Level 2.7 Fighting
 + Level 3.5 Short Blades
 + Level 3.4 Throwing
 + Level 2.2 Dodging
 + Level 9.6 Stealth
 + Level 1.1 Shields


You had 6 spell levels left.
You didn't know any spells.
Your spell library was empty.

Dungeon Overview and Level Annotations

Branches:
Dungeon (5/15)             Temple (1/1) D:4

Altars:
Ashenzari
Cheibriados
Elyvilon
Fedhas
Gozag
Hepliaklqana
Kikubaaqudgha
Makhleb
Okawaru
Qazlal
Sif Muna
Uskayaw
Wu Jian
Xom
Yredelemnul
Zin
The Shining One

Shops:
D:5 *


Innate Abilities, Weirdness & Mutations

You cannot wear most types of armour.
You are very stealthy in the water. (Stealth+)
You are amphibious.
You can wear up to eight rings at the same time.
You can use your tentacles to constrict eight enemies at once.
Your skin changes colour to match your surroundings (Stealth+).
Your rubbery body absorbs attacks. (AC +1, EV +1)


Message History

The centaur hits you.
* * * LOW HITPOINT WARNING * * *
You can now pass through a line of other dancers.
You barely miss the centaur. Your squeeze misses the centaur.
The centaur is heavily wounded.
You block the adder skeleton's attack. The centaur completely misses you.
You block the adder skeleton's attack.
You see here an arrow.
You hit the centaur. You squeeze the centaur.
The centaur is severely wounded.
The centaur barely misses you. The centaur hits you.
* * * LOW HITPOINT WARNING * * *
The centaur wields a +0 shortbow.
The centaur shoots an arrow.
The arrow barely misses you. The adder skeleton closely misses you.
The centaur shoots an arrow.
You block the arrow.
You see here 2 arrows.
The adder skeleton bites you.
* * * LOW HITPOINT WARNING * * *
The centaur shoots an arrow.
The arrow hits you!
You die...

...............%....# .
..)................# ..
#..........∩.....###...
#......(.................
.#....(............##.##..
#........c...........##.##..
....#....Z(..........##.##..
.........Y.#......##.......#
...#.######@.....###.......#
.. #. #...##### #.......# .
. #..#.#######.......# ..
#.....)))...........
#####.##.).........#
#.######.......# #.#
#.......# #.# #######.. #.
##....


You could see a sky beast, a centaur and an adder skeleton.

Vanquished Creatures
  A phantom (D:4)
  An ogre (D:4)
  A crimson imp (D:5)
  A centaur zombie (D:4)
  An orc priest (D:4)
  2 orc wizards
  A worker ant (D:4)
  7 gnolls
  9 adders
  An ooze (D:3)
  2 worms
  3 dart slugs
  2 leopard geckos (D:3)
  13 orcs
  3 giant cockroaches
  12 goblins
  8 hobgoblins
  5 jackals
  8 kobolds
  4 quokkas
  A ball python (D:1)
  8 bats
  5 frilled lizards
  6 rats
105 creatures vanquished.

Notes
Turn   | Place    | Note
-------+----------+-------------------------------------------
     0 | D:1      | Kairos the Octopode Assassin began the quest for the Orb.
     0 | D:1      | Reached XP level 1. HP: 14/14 MP: 1/1
    58 | D:1      | Reached XP level 2. HP: 19/19 MP: 2/2
   162 | D:1      | Reached skill level 6 in Stealth
   277 | D:1      | Reached XP level 3. HP: 23/24 MP: 3/3
   613 | D:2      | Reached XP level 4. HP: 29/29 MP: 4/4
   634 | D:2      | Reached skill level 7 in Stealth
  1135 | D:3      | Reached XP level 5. HP: 34/34 MP: 5/5
  1341 | D:3      | Reached skill level 8 in Stealth
  2214 | D:3      | Reached XP level 6. HP: 27/39 MP: 6/6
  2254 | D:4      | Found a burning altar of Makhleb.
  2267 | D:4      | Found a staircase to the Ecumenical Temple.
  2286 | Temple   | Entered the Ecumenical Temple
  2366 | Temple   | Became a worshipper of Uskayaw the Reveler
  2384 | D:4      | Reached * piety under Uskayaw
  2424 | D:4      | Found an iron altar of Okawaru.
  2455 | D:4      | Noticed a phantom
  2468 | D:4      | Reached ** piety under Uskayaw
  2485 | D:4      | Killed a phantom
  2485 | D:4      | Reached skill level 9 in Stealth
  2682 | D:3      | Reached XP level 7. HP: 35/45 MP: 7/7
  3069 | D:4      | Reached skill level 1 in Shields
  3245 | D:4      | Found a glowing golden altar of the Shining One.
  3401 | D:5      | Entered Level 5 of the Dungeon
  3834 | D:5      | Found Payly's Assorted Antiques.
  3873 | D:5      | Shot with an arrow by a centaur

Skill      XL: |  1  2  3  4  5  6  7 |
---------------+----------------------+-----
Stealth        | 6 7 8 9 |  9.6
Short Blades   | 3 |  3.5
Throwing       | 3 |  3.4
Dodging        | 2 |  2.2
Shields        | 1 |  1.1
Fighting       | |  2.7

Action                   |  1- 3 |  4- 6 |  7- 9 || total
-------------------------+-------+-------+-------++-------
Melee: Dagger            |    43 |    89 |    78 ||   210
       Tentacles         |     4 |    11 |    20 ||    35
       Constrict         |     4 |    19 |    14 ||    37
 Fire: Blowgun           |       |    22 |       ||    22
  Use: Scroll            |     1 |       |     4 ||     5
 Stab: Sleeping          |    22 |    27 |     5 ||    54
  Eat: Chunk             |       |     4 |     5 ||     9
Armor: Skin              |     4 |     3 |     1 ||     8
Dodge: Dodged            |    15 |    42 |    28 ||    85
Block: Shield            |       |    16 |    32 ||    48
